AoeStats
← Comend x comend

Arabia

509743060Analyzed
3v3 RM · 3d ago on Sep 27, 2026· 25m 54s· 6 players
Game mode
Random Map
Map size
Normal (6 player)
Population
200
Speed
Normal
Resources
Standard
Victory
Conquest
Starting age
Dark Age
Ending age
Imperial Age
RankedLock teamsTeams togetherTeam positionsShared explorationLock speedFull tech treeHidden civsTurbo modeCheats
Victory
Defeat
🇨🇿 Maya · Czechia
1440
+13
🇪🇨 Saxons · Ecuador
1435
+14
🇩🇪 Franks · Germany
1417
+14
🇨🇴 Teutons · Colombia
1407
-15
🇵🇪 Ethiopians · Peru
1398
-14
🇵🇪 Britons · Peru
1341
-12
[Tunjos]Acordeon
6:32 Loom
10:08 Feudal Age
10:44 Man-at-Arms
13:54 Double-Bit Axe
17:31 Fletching
21:12 Wheelbarrow
24:40 Castle Age
23:40 Gold Mining
24:29 Scale Barding Armor
25:03 Bloodlines
25:16 Forging
25:00 Horse Collar
Comend x comend
0:27 Loom
8:22 Loom
10:41 Feudal Age
14:57 Castle Age
13:26 Double-Bit Axe
13:29 Horse Collar
16:29 Loom
17:04 Bow Saw
22:24 Crossbowman
24:38 Thumb Ring
brayanis_12
6:19 Loom
9:36 Feudal Age
10:14 Double-Bit Axe
11:40 Fletching
11:45 Horse Collar
13:56 Padded Archer Armor
18:20 Wheelbarrow
18:35 Gold Mining
24:34 Castle Age
25:11 Bodkin Arrow
24:37 Crossbowman
26:40 Ballistics
AdrianJPG
4:42 Loom
9:44 Feudal Age
10:24 Double-Bit Axe
14:35 Fletching
21:30 Castle Age
21:33 Crossbowman
22:10 Bodkin Arrow
25:59 Horse Collar
fall
0:26 Loom
10:14 Feudal Age
11:18 Double-Bit Axe
12:30 Horse Collar
14:14 Fletching
17:39 Padded Archer Armor
23:06 Castle Age
21:39 Gold Mining
22:58 Wheelbarrow
23:09 Crossbowman
23:44 Bodkin Arrow
24:07 Leather Archer Armor
24:11 Bow Saw
24:06 Heavy Plow
23:42 Elite Skirmisher
26:27 Ballistics
26:21 Thumb Ring
Amigo
7:16 Loom
9:36 Feudal Age
10:04 Double-Bit Axe
11:03 Double-Bit Axe
22:39 Castle Age
21:10 Scale Barding Armor
21:44 Forging
22:11 Gold Mining
23:03 Light Cavalry
23:43 Husbandry
25:12 Wheelbarrow
24:34 Town Watch
25:50 Chain Barding Armor
Connection lost

Rejoining the realm…

Still unreachable

The connection could not be restored.

Session expired

The server has moved on; the page needs a fresh start.